 Dungeon Crawl Stone Soup version 0.31-a0-182-gc5ef74bbde (webtiles) character file.

Game seed: 13226442723252020642

81 qw the Chopper (level 4, -1/28 HPs)
             Began as a Gargoyle Fighter on June 20, 2023.
             Slain by a gnoll
             ... wielding a +0 spear
              (4 damage)
             ... on level 2 of the Dungeon.
             The game lasted 00:00:49 (1364 turns).

qw the Chopper (Gargoyle Fighter)                   Turns: 1364, Time: 00:00:49

Health: -1/28      AC: 10    Str: 22    XL:     4   Next: 40%
Magic:  4/4        EV:  9    Int:  8    God:
Gold:   100        SH:  4    Dex:  9    Spells: 3/3 levels left

rFire   . . .        Y - +0 war axe
rCold   . . .        c - +0 buckler
rNeg    + . .        b - +0 scale mail
rPois   inf          (no helmet)
rElec   +            (no cloak)
rCorr   .            (no gloves)
SInv    .            (no boots)
Will    .....        i - amulet of the acrobat Stlth
                     (no ring)
HPRegen 0.24/turn    (no ring)
MPRegen 0.09/turn

%: acrobat
@: no status effects
A: sickness immunity, AC +3, negative energy resistance 1, electricity
resistance, torment resistance 1, petrification resistance
a: no special abilities


You were on level 2 of the Dungeon.
You visited 1 branch of the dungeon, and saw 3 of its levels.

You collected 100 gold pieces.


Innate Abilities, Weirdness & Mutations

You are immune to sickness and miasma.
Your stone body is resilient. (AC +3)
You are immune to poison.
You resist negative energy. (rN+)
You are resistant to electric shocks. (rElec)
You are resistant to unholy torment.
You are immune to petrification.


   Skills:
 - Level 3.2 Fighting
 + Level 4.1 Axes
 - Level 3.2 Armour
 - Level 3.2 Shields


You had 3 spell levels left.
You didn't know any spells.
Your spell library was empty.

Inventory:

Hand Weapons
 g - a +0 whip
 Y - a +0 war axe (weapon)
Armour
 b - a +0 scale mail (worn)
 c - a +0 buckler (worn)
Jewellery
 i - an amulet of the acrobat (around neck)
Scrolls
 a - a scroll of teleportation {unknown}
 h - a scroll of immolation {unknown}
Potions
 d - 5 potions of might
 e - a potion of curing {unknown}
 f - a potion of enlightenment {unknown}
 k - a potion of cancellation {unknown}

Dungeon Overview and Level Annotations

Branches:
Dungeon (3/15)

Altars:


Message History

The gnoll hits you from afar with a +0 spear.
You tear a large gash into the net.
The gnoll hits you with a +0 flail. The gnoll barely misses you.
You struggle against the net.
The gnoll hits you with a +0 flail.
The gnoll hits you from afar with a +0 spear.
You shred the net and break free! The gnoll hits you with a +0 flail.
The gnoll hits you but does no damage.
You completely miss the gnoll. The gnoll hits you but does no damage.
The gnoll closely misses you.
You barely miss the gnoll. The gnoll hits you with a +0 flail.
The gnoll closely misses you. The gnoll barely misses you.
The gnoll hits you from afar with a +0 spear.
You slash the gnoll!
The gnoll is severely wounded.
The gnoll barely misses you.
The gnoll hits you from afar with a +0 spear.
You slash the gnoll!
You kill the gnoll!
The gnoll barely misses you. The gnoll closely misses you.
Things that are here:
a +0 flail; a +0 halberd; a throwing net
Enter note:
Enter note:
Enter note:
Enter note:
Enter note:
Enter note: You hit the gnoll.
The gnoll is heavily wounded.
The gnoll hits you but does no damage. x2
You barely miss the gnoll.
The gnoll is heavily wounded.
The gnoll closely misses you.
You hit the gnoll but do no damage.
The gnoll is heavily wounded.
The gnoll hits you with a +0 spear.
You die...

#..# .#.........## .##
............# .. #
.#........... .. ..
#.........## ...
#.........## ....
##........<.# .....
###...........#
......####.).#.......#.#
.......@(..####......#.#
......g##### ####.#.#.#
.....## #.#.#.. ....
#.#.### ... #.#.# ..
####.#.# . #....).#
#......# #......#


You could see a gnoll.

Vanquished Creatures
  2 gnolls (D:2)
  An adder (D:2)
  A worm (D:3)
  2 dart slugs (D:1)
  3 ball pythons (D:1)
  5 bats
  4 endoplasms
  3 giant cockroaches
  3 goblins
  4 hobgoblins
  2 quokkas (D:1)
  4 frilled lizards
  5 kobolds
  8 rats
47 creatures vanquished.

Notes
Turn   | Place    | Note
-------+----------+-------------------------------------------
     0 | D:1      | qw the Gargoyle Fighter began the quest for the Orb.
     0 | D:1      | Reached XP level 1. HP: 14/14 MP: 1/1
     0 | D:1      | 0 ||| qw: Version: 0.3-a-9-g12657ce
     0 | D:1      | 0 ||| qw: Game counter: 1508
     0 | D:1      | 0 ||| qw: Always use a shield: true
     0 | D:1      | 0 ||| qw: God list: Okawaru
     0 | D:1      | 0 ||| qw: Allow faded altars: false
     0 | D:1      | 0 ||| qw: Do Orc after D:15 true
     0 | D:1      | 0 ||| qw: Do second Lair branch before Depths: true
     0 | D:1      | 0 ||| qw: Lair rune preference: random
     0 | D:1      | 0 ||| qw: Plans: Normal, Zot:1-4, Slime:5, God:TSO, Crypt,
                  | Tomb, Abyss, Pan, Hells, Win
     0 | D:1      | 0 ||| PLANNING D:1-11
    25 | D:1      | Reached skill level 2 in Axes
    25 | D:1      | 25 ||| Stepping ~*~*~tactically~*~*~ (hiding).
   120 | D:1      | 120 ||| Stepping ~*~*~tactically~*~*~ (hiding).
   125 | D:1      | Reached XP level 2. HP: 19/19 MP: 2/2
   500 | D:1      | Reached skill level 3 in Axes
   518 | D:1      | Reached XP level 3. HP: 19/23 MP: 3/3
   754 | D:1      | 754 ||| Stepping ~*~*~tactically~*~*~ (stealth).
   755 | D:1      | 755 ||| Stepping ~*~*~tactically~*~*~ (stealth).
   764 | D:1      | 764 ||| Stepping ~*~*~tactically~*~*~ (stealth).
   876 | D:1      | 876 ||| UPGRADING to amulet of the acrobat.
   881 | D:1      | 881 ||| READING scroll labelled KATHRO QISK.
   882 | D:1      | 882 ||| READING scroll labelled FEOSHR QUORE.
   883 | D:1      | 883 ||| READING scroll labelled OTZIGE KEUN.
   884 | D:1      | 884 ||| DRINKING 2 purple potions.
   988 | D:1      | 988 ||| DROPPING potion of berserk rage.
  1006 | D:2      | Found a faded altar of an unknown god.
  1042 | D:2      | You fall into a shaft and drop 1 floor!
  1155 | D:2      | 1155 ||| Stepping ~*~*~tactically~*~*~ (stealth).
  1207 | D:2      | 1207 ||| Stepping ~*~*~tactically~*~*~ (stealth).
  1278 | D:2      | Reached XP level 4. HP: 25/28 MP: 4/4
  1334 | D:2      | 1334 ||| Stepping ~*~*~tactically~*~*~ (hiding).
  1337 | D:2      | 1337 ||| Stepping ~*~*~tactically~*~*~ (stealth).
  1352 | D:2      | Reached skill level 4 in Axes
  1356 | D:2      | HP: 4/28 [gnoll/+0 flail (4)]
  1359 | D:2      | HP: 1/28 [gnoll/+0 spear (1)]
  1364 | D:2      | Slain by a gnoll

Levels and vault maps discovered:
D:1:      tarquinn_simple_flora_water_d, layout_basic, serial_curves,
          eino_curves_01, eino_curves_04, minmay_misc_feat_cross
D:2:      layout_rooms, shapermc_ecumenical_altar_pompeii
D:3:      cheibrodos_fertilizer, layout_loops_ring, gammafunk_ghost_split

Skill      XL: |  1  2  3  4 |
---------------+-------------+-----
Axes           | 2 3 4 |  4.1
Fighting       | |  3.2
Armour         | |  3.2
Shields        | |  3.2

Action                     |  1- 3 |  4- 6 || total
---------------------------+-------+-------++-------
  Melee: War axe           |   112 |    26 ||   138
    Use: Scroll            |     3 |       ||     3
         Potion            |     1 |       ||     1
 Armour: Scale mail        |    48 |    12 ||    60
  Dodge: Dodged            |    45 |    16 ||    61
  Block: Buckler           |    26 |     6 ||    32

Table legend:
 A = Non-vault XP
 B = Vault XP
 C = Vault XP percentage of total XP
 D = Non-vault monster count
 E = Vault monster count
 F = Vault count percentage of total count
                 A         B        C        D         E       F
            +---------+---------+-------+---------+---------+-------
      Total |     116 |       0 |   0.0 |      47 |       0 |   0.0
            +---------+---------+-------+---------+---------+-------
        D:1 |      46 |       0 |   0.0 |      27 |       0 |   0.0
        D:2 |      60 |       0 |   0.0 |      16 |       0 |   0.0
        D:3 |      10 |       0 |   0.0 |       4 |       0 |   0.0
            +---------+---------+-------+---------+---------+-------
